 Dungeon Sprint DCSS version 0.30.1-9-gdf580d7c3d (webtiles) character file.

Game seed: 11282300066274044691

38 boopmooplesden the Twirler (level 3, -1/31 HPs)
             Began as a Minotaur Gladiator on Oct 15, 2023.
             Was a Follower of Trog.
             Killed by nerve-wracking pain
             ... invoked by an orc priest
              (14 damage)
             ... in the Dungeon (Sprint V: "Ziggurat Sprint").
             The game lasted 00:01:24 (89 turns).

boopmooplesden the Twirler (Minotaur Gladiator)       Turns: 89, Time: 00:01:25

Health: -1/31      AC: 17    Str: 20    XL:     3   Next: 25%
Magic:  2/2        EV:  3    Int:  5    God:    Trog [*.....]
Gold:   0          SH:  0    Dex: 11    Spells: 2/2 levels left

rFire   + . .        B - +5 lajatang
rCold   + . .        (shield currently unavailable)
rNeg    . . .        C - +5 gold dragon scales
rPois   +            c - +0 hat
rElec   .            (no cloak)
rCorr   .            (no gloves)
SInv    .            (no boots)
Will    .....        (no amulet) Stlth
                     (no ring)
HPRegen 0.25/turn    (no ring)
MPRegen 0.08/turn

%: no teleportation
@: no status effects
A: horns 2, retaliatory headbutt
a: Renounce Religion, Berserk


You were in the Dungeon.
You worshipped Trog.
Trog was aware of your devotion.
You visited 1 branch

Inventory:

Hand Weapons
 a - a +0 quarterstaff
 B - a +5 lajatang (weapon)
Missiles
 d - 3 throwing nets (quivered)
 e - a javelin
Armour
 b - a +0 leather armour
 c - a +0 hat (worn)
 C - +5 gold dragon scales (worn)
Jewellery
 t - a ring of flight
 u - a +6 ring of dexterity
 v - a +6 ring of dexterity
 w - a +6 ring of intelligence
 x - a +6 ring of intelligence
 y - a +6 ring of strength
 z - a +6 ring of strength
Wands
 q - a wand of mindburst (7)
 r - a wand of iceblast (7)
 s - a wand of light (7)
 A - a wand of charming (6)
Scrolls
 k - a scroll of blinking
Potions
 f - 10 potions of curing
 g - 10 potions of heal wounds
 h - 6 potions of haste
 i - 7 potions of magic
 j - 3 potions of berserk rage
 l - 2 potions of brilliance
 m - 2 potions of invisibility
 n - 4 potions of resistance
 o - a potion of experience
 p - 5 potions of might


   Skills:
 + Level 3.4 Fighting
 + Level 6.2 Staves
 + Level 2.6 Throwing
 + Level 1.1 Armour
 + Level 5.3 Dodging


You had 2 spell levels left.
You didn't know any spells.
Your spell library was empty.

Dungeon Overview and Level Annotations

Branches:
Dungeon (1/1)

Altars:
Ashenzari
Cheibriados
Dithmenos
Elyvilon
Fedhas
Gozag
Hepliaklqana
Kikubaaqudgha
Makhleb
Nemelex Xobeh
Okawaru
Qazlal
Ru
Sif Muna
Trog
Uskayaw
Vehumet
Wu Jian
Xom
Yredelemnul
Zin
The Shining One
Jiyva
Lugonu

Annotations:
D 1 transporter


Innate Abilities, Weirdness & Mutations

You have a pair of horns on your head.
You reflexively headbutt those who attack you in melee.


Message History

HP restored.
There is a transporter here.
Welcome to arena 2.
You enter the transporter and appear at another place.
An orc and 2 orc priests come into view.
The orc shouts!
The orc priest shouts!
The orc priest suddenly roars.
Found a +4 broad axe of venom, a book of Frost and a phantom mirror.
Found a transporter.
The orc hits you but does no damage.
The orc priest hits you but does no damage. x2
You closely miss the orc priest. The orc barely misses you.
The orc priest hits you but does no damage.
The orc priest hits you with a +0 whip. The orc completely misses you.
The orc priest calls down the wrath of Beogh upon you.
Beogh smites you!
Ouch! That really hurt!
The orc priest hits you but does no damage.
Okay, then.
You slash the orc priest!
You kill the orc priest!
Trog accepts your kill.
You can now go berserk at will.
The orc priest hits you but does no damage.
The orc hits you but does no damage.
Your Fighting skill increases to level 3!
Your Staves skill increases to level 6!
Your Armour skill increases to level 1!
Your Dodging skill increases to level 5!
You have reached level 3!
Your experience leads to an increase in your attributes!
Increase (S)trength, (I)ntelligence, or (D)exterity?
You feel stronger. x2
You barely miss the orc. Your headbutt misses the orc.
The orc hits you but does no damage.
The orc priest hits you but does no damage.
You slice the orc!!
You kill the orc!
Trog accepts your kill.
The orc priest invokes the aid of Beogh against you.
Pain shoots through your body!
You die...

▓▓▓▓▓▓▓▓▓▓▓▓▓
▓.8©8.▓.8©8.▓
▓.}):.▓.....▓
▓.....▓.).:.▓
▓.o)).▓.††..▓
▓..@..▓.....▓
▓.....▓..©..▓
▓..©..▓▓▓▓▓▓▓
▓▓▓▓▓▓▓


You could see an orc priest.

Vanquished Creatures
  An orc priest (D)
  A river rat (D)
  An orc (D)
  A jackal (D)
4 creatures vanquished.

Notes
Turn   | Place    | Note
-------+----------+-------------------------------------------
     0 | D        | boopmooplesden the Minotaur Gladiator began the quest for
                  | the Orb.
     0 | D        | Reached XP level 1. HP: 18/18 MP: 0/0
     0 | D        | Found a shimmering blue altar of Sif Muna.
     0 | D        | Found a sacrificial altar of Ru.
     0 | D        | Found a bloodstained altar of Trog.
     0 | D        | Found a stormy altar of Qazlal.
     0 | D        | Found an iron altar of Okawaru.
     0 | D        | Found a sparkling altar of Nemelex Xobeh.
     0 | D        | Found a blossoming altar of Fedhas.
     0 | D        | Found the +6 Majin-Bo {spellvamp, MP+6 Int+6}
     0 | D        | Found the +27 heavy crossbow "Sniper" {heavy, Acc+∞ SInv}
     0 | D        | Found the +10 dark maul {heavy}
     0 | D        | Found the +15 Maxwell's patent armour {-Cast -Tele rElec
                  | Will+ rCorr}
     0 | D        | Found the +18 shield of the Gong {Loud rN+ Will+ rCorr
                  | EV-5}
     0 | D        | Found the +16 obsidian axe {drain, demonic, Mesm Drain Fly
                  | SInv}
     0 | D        | Found the +7 great mace "Firestarter" {flame, immolate,
                  | rFlCloud rF++}
     0 | D        | Found the +6 shillelagh "Devastator" {shatter}
     0 | D        | Found the +11 plutonium sword {Contam Stlth-}
     0 | D        | Found the +8 lance "Wyrmbane" {slay drac, rPois rF+ rC+
                  | AC+3}
     0 | D        | Found the +9 sword of Zonguldrok {reap}
     0 | D        | Found the +13 scythe of Curses {drain, curses, Drain}
     0 | D        | Found the +9 sword of Power {lifebolt}
     0 | D        | Found the +7 mace of Variability {chaos, chaos arc}
     0 | D        | Found the +11 Singing Sword {sonic wave}
     0 | D        | Found the +8 storm bow {elec, penet}
     9 | D        | Became a worshipper of Trog the Wrathful
    16 | D        | Found a corrupted altar of Lugonu.
    16 | D        | Found an ancient bone altar of Kikubaaqudgha.
    16 | D        | Found a burning altar of Makhleb.
    16 | D        | Found a transporter.
    16 | D        | Found a viscous altar of Jiyva.
    16 | D        | Found a hazy altar of Hepliaklqana.
    28 | D        | Found an opulent altar of Gozag.
    64 | D        | Entered arena 2.
    64 | D        | Found a transporter.
    67 | D        | Reached skill level 4 in Staves
    69 | D        | Reached skill level 5 in Staves
    69 | D        | Reached XP level 2. HP: 22/25 MP: 1/1
    83 | D        | Entered arena 3.
    83 | D        | Found a transporter.
    87 | D        | Reached * piety under Trog
    88 | D        | Reached skill level 6 in Staves
    88 | D        | Reached skill level 1 in Armour
    88 | D        | Reached skill level 5 in Dodging
    88 | D        | Reached XP level 3. HP: 13/31 MP: 2/2
    89 | D        | Killed from afar by an orc priest

Illustrated notes

Levels and vault maps discovered:
D:        sprint_v [room_start, room_1, room_2, room_3, room_4, room_5, room_6,
          room_7, room_8, room_9, room_10, room_11, room_12, room_13, room_14,
          room_15, room_16, room_17, room_18, room_19, room_20, room_21,
          room_22, room_23, room_24, room_25, room_26, room_27]

Skill      XL: |  1  2 |
---------------+-------+-----
Staves         | 5 6 |  6.2
Dodging        | 4 5 |  5.3
Fighting       | 3 |  3.4
Armour         | 1 |  1.1
Throwing       | |  2.6

Action                     || total
---------------------------++-------
  Melee: Lajatang          ||     6
 Armour: Gold dragon scale ||    11
  Dodge: Dodged            ||     3
